 Dungeon Crawl Stone Soup version 0.32-a0-814-g0968bab981 (webtiles) character file.

Game seed: 13736194225846701744

10929 Anon1729 the Trooper (level 11, -13/86 HPs)
             Began as a Coglin Chaos Knight on Mar 22, 2024.
             Was a Plaything of Xom.
             Engulfed by an ice statue's freezing vapour (21 damage)
             ... in an ice cave on Mar 23, 2024.
             The game lasted 00:30:21 (10670 turns).

Anon1729 the Trooper (Coglin Chaos Knight)         Turns: 10670, Time: 00:30:21

Health: -13/86     AC: 15    Str: 13      XL:     11   Next: 69%
Magic:  15/15      EV: 14    Int: 11 (12) God:    Xom [..*...]
Gold:   850        SH:  0    Dex: 17      Spells: 10/10 levels left

rFire   x . .        d - +11 dagger "Ykeuh" {vamp, rPois rF- rN+}
rCold   . . .        A - +2 dagger (speed) {Seojun}
rNeg    + . .        b - +2 leather armour
rPois   +            v - +2 helmet
rElec   .            S - +2 cloak {Stlth+}
rCorr   .            q - +0 pair of gloves
SInv    .            (no boots)
Will    .....        (amulet unavailable)
Stlth   ++++         (ring unavailable)
HPRegen 0.34/turn    (ring unavailable)
MPRegen 0.14/turn    (no gizmo)

%: no passive effects
@: revving
A: off-hand wielding, slow wielding, warmup strikes, no jewellery, iridescent
scales 1
a: Invent Gizmo, Renounce Religion


You were in an ice cave.
You worshipped Xom.
You were a toy of Xom.
You visited 1 branch of the dungeon, and saw 11 of its levels.
You also visited: Ossuary, Bailey and Ice Cave.

You collected 850 gold pieces.

Inventory:

Hand Weapons
 a - a +0 falchion of chaos {Eiko}
 d - the +11 dagger "Ykeuh" (weapon) {vamp, rPois rF- rN+}
   (You found it on level 5 of the Dungeon)

   rF-:       It makes you vulnerable to fire.
   rPois:     It protects you from poison.
   rN+:       It protects you from negative energy.
 u - a +1 spectral club
 A - a +2 dagger of speed (offhand) {Seojun}
Missiles
 P - 28 stones (quivered)
 T - 6 poisoned darts
Armour
 b - a +2 leather armour (worn)
 q - a +0 pair of gloves (worn)
 v - a +2 helmet (worn)
 D - a +0 chain mail
 S - a +2 cloak of stealth (worn)
Wands
 m - a wand of warping (21)
 t - a wand of flame (10)
 I - a wand of paralysis (1)
Scrolls
 c - a scroll of butterflies
 e - 6 scrolls of blinking
 g - 4 scrolls of identify {unknown}
 h - 8 scrolls of teleportation
 i - a scroll of brand weapon {unknown}
 j - 2 scrolls of fear {unknown}
 k - a scroll of noise {unknown}
 n - 2 scrolls of amnesia {unknown}
 s - 2 scrolls of poison {unknown}
 w - 2 scrolls of fog {unknown}
 y - 3 scrolls of enchant armour {unknown}
 z - 2 scrolls of vulnerability
 B - a scroll of summoning {unknown}
 C - a scroll of immolation
 E - 2 scrolls of revelation {unknown}
 G - 2 scrolls of enchant weapon {unknown}
 Q - a scroll of torment {unknown}
Potions
 f - 2 potions of resistance {unknown}
 l - a potion of berserk rage {unknown}
 o - 4 potions of curing {unknown}
 p - 4 potions of lignification {unknown}
 x - 3 potions of attraction {unknown}
 F - a potion of mutation
 H - a potion of brilliance {unknown}
 J - 2 potions of degeneration {unknown}
 K - 2 potions of cancellation {unknown}
 L - 2 potions of invisibility
 M - 2 potions of magic {unknown}
 N - 2 potions of might {unknown}
 O - 2 potions of haste {unknown}


   Skills:
 + Level 7.9 Fighting
 + Level 5.8(7.1) Short Blades
 - Level 6.8(8.0) Long Blades
 + Level 6.8 Armour
 + Level 6.6 Dodging
 + Level 6.2 Stealth
 + Level 5.6 Invocations


You had 10 spell levels left.
You didn't know any spells.
Your spell library contained the following spells:

 Spells                   Type           Power      Damage    Failure   Level
 Scorch                   Fire           0%         2d5       54%         2
 Hailstorm                Conj/Ice       0%         3d5       78%         3
 Stone Arrow              Conj/Erth      0%         3d7       78%         3
 Summon Ice Beast         Ice/Summ       0%         N/A       78%         3
 Animate Armour           Summ/Erth      0%         N/A       99%         4
 Flame Wave               Conj/Fire      0%         2d4       99%         4
 Permafrost Eruption      Ice/Erth       0%         2x4d2     100%        6
 Sculpt Simulacrum        Ice/Alch       0%         N/A       100%        6
 Summon Cactus Giant      Summ           0%         N/A       100%        6
 Lehudib's Crystal Spear  Conj/Erth      0%         10d2      100%        8


Dungeon Overview and Level Annotations

Branches:
Dungeon (11/15)            Temple (0/1) D:6            Lair (0/5) D:10
Ossuary (visited)          Bailey (visited)           IceCv (1/1)
    Orc: D:9-12

Altars:
Ashenzari
Cheibriados
Dithmenos
Fedhas
Gozag
Hepliaklqana
Kikubaaqudgha
Sif Muna
Trog
Vehumet
Xom
Zin
The Shining One

Annotations:
D:8 Maggie IceCv exclusion: ice statue


Innate Abilities, Weirdness & Mutations

You can wield a second weapon in your off-hand.
It takes a long time for you to wield or remove held weapons.
Your first few attacks do less damage.
You cannot equip rings or amulets.
You are partially covered in iridescent scales. (AC +2)


Message History

The ice statue is severely damaged.
You hit the ice statue with the +11 dagger "Ykeuh".
You hit the ice statue but do no damage.
The ice statue is severely damaged.
You hit the ice statue with your +2 dagger of speed.
The ice statue gestures at you. The freezing blast engulfs you!
You hit the ice statue but do no damage.
The ice statue is severely damaged.
You hit the ice statue with your +2 dagger of speed.
You are engulfed in freezing vapours.
You hit the ice statue but do no damage.
The ice statue is severely damaged.
You completely miss the ice statue with the +11 dagger "Ykeuh".
You are engulfed in freezing vapours.
Aiming: Throw Flame
Press: ? - help, Shift-Dir - straight line, f - ice statue
Aim: an ice statue (freezing vapour, severely damaged, 100% to hit)
The puff of flame hits the ice statue!
The ice statue melts!
The ice statue is almost destroyed.
You hear a sizzling sound!
You are engulfed in freezing vapours.
* * * LOW HITPOINT WARNING * * *
The ice statue gestures at you. The freezing blast engulfs you!
* * * LOW HITPOINT WARNING * * *
You feel much better.
You are engulfed in freezing vapours.
* * * LOW HITPOINT WARNING * * *
You feel much better.
You are engulfed in freezing vapours.
* * * LOW HITPOINT WARNING * * *
The ice statue gestures at you. The freezing blast engulfs you!
* * * LOW HITPOINT WARNING * * *
Aiming: Warp Space
Press: ? - help, Shift-Dir - straight line, p - ice statue Space twists violently!
The rupture engulfs the ice statue.
The ice statue is almost destroyed.
You are engulfed in freezing vapours.
You die...
Xom howls with laughter!

##### ##...### #
#......## # ○
#..##...## ○#☼
#...##...### #§###
##..####...####○○.#
#...####...##○I.#
#....# #..##○.@#
#∩..####..###°.#
##..∩##..####○.#
#####.....#..##
##.#....## ########


You could see an ice statue.

Vanquished Creatures
  Erica (D:10)
  A boulder beetle (D:11)
  A tengu warrior (D:9)
  Pikel (D:5)
  A manticore (D:7)
  A cyclops (D:10)
  Maurice (D:10)
  A kobold demonologist (D:11)
  A komodo dragon (D:8)
  2 trolls
  Psyche (D:10)
  2 ice devils (D:11)
  2 hornets
  A shadow (D:9)
  A wraith (D:10)
  2 wyverns (D:8)
  A vampire (D:9)
  A steam dragon (D:10)
  Edmund (D:5)
  Menkaure (D:4)
  3 water moccasins (D:10)
  2 black bears
  4 orc warriors
  A sky beast (D:6)
  2 ogres
  A centaur (D:5)
  A weeping skull (Ossuary)
  4 lemures (D:5)
  3 kobold brigands
  2 gnoll sergeants
  7 bullfrogs
  A scorpion (D:5)
  2 cane toad simulacra (IceCv)
  A burial acolyte (Ossuary)
  4 killer bees (D:10)
  4 howler monkeys
  4 hounds
  3 human zombies (Ossuary)
  4 jellies
  8 orc priests
  A gnoll bouda (D:7)
  A sleepcap (D:4)
  4 iguanas
  15 orc wizards
  2 troll simulacra (IceCv)
  2 mummies (Ossuary)
  A howler monkey zombie (Ossuary)
  Robin (D:4)
  22 gnolls
  A naga simulacrum (IceCv)
  10 adders
  A shadow imp (D:5)
  3 white imps
  2 ufetubi (D:6)
  5 dart slugs
  56 orcs
  4 ball pythons
  4 bats (D:3)
  6 endoplasms
  2 giant cockroaches
  13 goblins
  9 hobgoblins
  8 jackals (D:3)
  13 kobolds
  6 quokkas
  A frilled lizard (D:1)
  3 goblin zombies (D:8)
  5 hobgoblin zombies (D:8)
  4 orc skeletons (D:8)
  3 orc zombies
  4 rats
297 creatures vanquished.

Vanquished Creatures (collateral kills)
  An orc priest (D:6)
  An orc (D:6)
  A kobold (D:7)
  A rat (D:1)
4 creatures vanquished.

Vanquished Creatures (others)
  A shadow (D:10)
  An orc (D:10)
2 creatures vanquished.

Grand Total: 303 creatures vanquished

Notes
Turn   | Place    | Note
-------+----------+-------------------------------------------
     0 | D:1      | Anon1729 the Coglin Chaos Knight began the quest for the
                  | Orb.
     0 | D:1      | Reached XP level 1. HP: 18/18 MP: 1/1
    86 | D:1      | XOM: divination: detect creatures
   198 | D:1      | Reached skill level 1 in Dodging
   243 | D:1      | Reached XP level 2. HP: 16/24 MP: 2/2
   421 | D:1      | XOM: silly message
   829 | D:2      | Found a radiant altar of Vehumet.
   842 | D:2      | Reached XP level 3. HP: 29/29 MP: 3/3
   945 | D:2      | Found a faded altar of an unknown god.
  1202 | D:2      | XOM: silly message
  1250 | D:2      | XOM: 2-stop teleportation journey
  1685 | D:3      | Reached XP level 4. HP: 29/35 MP: 4/4
  1781 | D:3      | You fall into a shaft and drop 1 floor!
  1789 | D:4      | Noticed Menkaure
  1802 | D:4      | Killed Menkaure
  1803 | D:4      | Reached skill level 1 in Stealth
  1803 | D:4      | Reached skill level 1 in Invocations
  1803 | D:4      | Reached XP level 5. HP: 14/42 MP: 5/5
  1957 | D:4      | Reached XP level 6. HP: 48/48 MP: 5/7
  2023 | D:4      | Noticed Robin
  2044 | D:4      | XOM: silly message
  2049 | D:4      | Killed Robin
  2230 | D:4      | Reached skill level 4 in Fighting
  2263 | D:4      | Found a bloodstained altar of Trog.
  2313 | D:4      | XOM: stat loss: -1 Str (11/12)
  2446 | D:4      | Noticed a black bear
  2448 | D:4      | XOM: confusion
  2457 | D:4      | Killed a black bear
  2469 | D:4      | Reached XP level 7. HP: 50/54 MP: 8/8
  2476 | D:4      | XOM: summons 1 hostile shadow creature
  2520 | D:4      | XOM: stat loss: -1 Str (11/12)
  2598 | D:4      | Found a shimmering blue altar of Sif Muna.
  2751 | D:3      | XOM: blink monster(s)
  2849 | D:3      | XOM: divination: detect items
  3002 | D:3      | Identified the ring of the Battered Lives {*Slow rF+ rC++
                  | rCorr Str+6 Int+2}
  3085 | D:3      | Found a radiant altar of Vehumet.
  3149 | D:3      | Found a blossoming altar of Fedhas.
  3384 | D:5      | Entered Level 5 of the Dungeon
  3385 | D:5      | XOM: noise
  3486 | D:5      | Identified the +11 dagger "Ykeuh" {vamp, rPois rF- rN+}
  3657 | D:5      | XOM: divination: detect items
  3704 | D:5      | Found a shadowy altar of Dithmenos.
  3871 | D:5      | Noticed Pikel
  3877 | D:5      | XOM: confuse monster(s)
  3878 | D:5      | XOM: potion effect (heal wounds)
  3885 | D:5      | XOM: chaos cloud
  3894 | D:5      | XOM: 2-stop teleportation journey
  3898 | D:5      | XOM: cleaving
  3901 | D:5      | Reached skill level 1 in Short Blades
  3901 | D:5      | Reached XP level 8. HP: 52/61 MP: 9/9
  4013 | D:5      | Noticed Edmund
  4023 | D:5      | Killed Edmund
  4178 | D:5      | XOM: summons 4 hostile demons
  4181 | D:5      | XOM: confuse monster(s)
  4193 | D:5      | XOM: cleaving
  4205 | D:5      | Killed Pikel
  4206 | D:5      | Reached skill level 5 in Fighting
  4206 | D:5      | Reached skill level 5 in Long Blades
  4268 | D:5      | Found a hazy altar of Hepliaklqana.
  4528 | D:6      | XOM: 3-stop teleportation journey
  4547 | D:6      | Found a staircase to the Ecumenical Temple.
  4551 | D:6      | Reached XP level 9. HP: 57/68 MP: 11/11
  4596 | D:6      | XOM: give mutations
  4596 | D:6      | Gained mutation: You are somewhat resistant to further
                  | mutation. [Xom's grace]
  4596 | D:6      | Gained mutation: Your flesh is cold resistant. (rC+) [Xom's
                  | grace]
  4596 | D:6      | Gained mutation: You possess an exceptional clarity of
                  | mind. [Xom's grace]
  4657 | D:6      | XOM: god gift: 7 stones
  4741 | D:6      | XOM: 3-stop teleportation journey
  4759 | D:6      | XOM: enchant monster (good)
  4787 | D:6      | Found a sand-covered staircase.
  4809 | Ossuary  | Entered an ossuary
  4809 | Ossuary  | Found a huge runed translucent gate.
  4809 | Ossuary  | Found a huge runed translucent gate.
  4809 | Ossuary  | Found a huge runed translucent gate.
  4809 | Ossuary  | Found a huge runed translucent gate.
  4809 | Ossuary  | Found a huge runed translucent gate.
  4809 | Ossuary  | Found a huge runed translucent gate.
  4809 | Ossuary  | Found a huge runed translucent gate.
  4809 | Ossuary  | Found a huge runed translucent gate.
  4810 | Ossuary  | Found a huge runed translucent gate.
  4810 | Ossuary  | Found a huge runed translucent gate.
  4810 | Ossuary  | Found a huge runed translucent gate.
  4811 | Ossuary  | Found a huge runed translucent gate.
  4811 | Ossuary  | Found a huge runed translucent gate.
  4813 | Ossuary  | Found a huge runed translucent gate.
  4813 | Ossuary  | Found a huge runed translucent gate.
  4833 | Ossuary  | Found a huge runed translucent gate.
  4833 | Ossuary  | Found a huge runed translucent gate.
  4833 | Ossuary  | Found a huge runed translucent gate.
  4833 | Ossuary  | Found a huge runed translucent gate.
  4833 | Ossuary  | Found a huge runed translucent gate.
  4834 | Ossuary  | Found a huge runed translucent gate.
  4834 | Ossuary  | Found a huge runed translucent gate.
  4865 | Ossuary  | Found a huge runed translucent gate.
  4865 | Ossuary  | Found a huge runed translucent gate.
  4866 | Ossuary  | Found a huge runed translucent gate.
  4866 | Ossuary  | Found a huge runed translucent gate.
  4867 | Ossuary  | Found a huge runed translucent gate.
  4867 | Ossuary  | Found a huge runed translucent gate.
  4869 | Ossuary  | Found a huge runed translucent gate.
  4869 | Ossuary  | Found a huge runed translucent gate.
  4880 | Ossuary  | Found a huge runed translucent gate.
  4880 | Ossuary  | Found a huge runed translucent gate.
  4880 | Ossuary  | Found a huge runed translucent gate.
  4880 | Ossuary  | Found a huge runed translucent gate.
  4880 | Ossuary  | Found a huge runed translucent gate.
  4921 | Ossuary  | XOM: fog
  4955 | Ossuary  | XOM: smoke on damage
  5291 | D:6      | XOM: summons 5 hostile demons
  5413 | D:6      | Found a snail-covered altar of Cheibriados.
  5694 | D:7      | Noticed a manticore
  5694 | D:7      | XOM: 1-stop teleportation journey
  5698 | D:7      | Killed a manticore
  5699 | D:7      | Reached skill level 6 in Fighting
  5699 | D:7      | Reached skill level 5 in Armour
  5725 | D:7      | XOM: summons friendly ufetubus
  5898 | D:7      | Found a flagged portal.
  5900 | D:7      | XOM: cloud trail
  5906 | Bailey   | Entered a bailey
  6198 | Bailey   | Reached XP level 10. HP: 33/76 MP: 13/13
  6438 | Bailey   | XOM: god gift: 3 stones
  6520 | D:7      | Identified the ring "Lauseops" {rPois SInv}
  6659 | D:7      | XOM: give mutations
  6659 | D:7      | Lost mutation: You are somewhat resistant to further
                  | mutation. [Xom's mischief]
  6659 | D:7      | Gained mutation: You are strong-willed. (Will+) [Xom's
                  | mischief]
  6659 | D:7      | Gained mutation: Your magical capacity is low. (-10% MP)
                  | [Xom's mischief]
  6659 | D:7      | Lost mutation: Your flesh is cold resistant. (rC+) [Xom's
                  | mischief]
  6755 | D:7      | XOM: give mutations
  6755 | D:7      | Gained mutation: Armour fits poorly on your strangely
                  | shaped body. [Xom's mischief]
  6755 | D:7      | Gained mutation: Your mind is acute. (Int +4, Str/Dex -1)
                  | [Xom's mischief]
  6757 | D:7      | XOM: summons 4 hostile demons
  6884 | D:8      | Noticed Maggie
  6892 | D:8      | XOM: 2-stop teleportation journey
  6916 | D:8      | Reached skill level 5 in Dodging
  6994 | D:8      | XOM: 2-stop teleportation journey
  7049 | D:8      | XOM: give mutations
  7049 | D:8      | Lost mutation: You possess an exceptional clarity of mind.
                  | [Xom's mischief]
  7049 | D:8      | Gained mutation: Your flesh is heat resistant. (rF+) [Xom's
                  | mischief]
  7067 | D:8      | XOM: summons friendly white imp
  7121 | D:8      | XOM: blink monster(s)
  7123 | D:8      | XOM: 4-stop teleportation journey
  7207 | D:8      | Found an opulent altar of Gozag.
  7306 | D:8      | XOM: noise
  7332 | D:8      | Found a glowing golden altar of the Shining One.
  7749 | D:9      | XOM: polymorph orc warrior -> hornet
  7758 | D:9      | Paralysed by a hornet for 2 turns
  7916 | D:9      | Reached skill level 5 in Stealth
  7969 | D:9      | Found a shimmering altar of Xom.
  7969 | D:9      | XOM: 5-stop teleportation journey
  8219 | D:9      | Noticed a tengu warrior
  8240 | D:9      | Killed a tengu warrior
  8327 | D:9      | XOM: give mutation
  8327 | D:9      | Lost mutation: Armour fits poorly on your strangely shaped
                  | body. [Xom's mischief]
  8398 | D:9      | Found an ancient bone altar of Kikubaaqudgha.
  8616 | D:9      | Reached skill level 7 in Fighting
  8664 | D:10     | Entered Level 10 of the Dungeon
  8675 | D:10     | XOM: confusion
  8850 | D:10     | Found a broken altar of Ashenzari.
  8860 | D:10     | Noticed Psyche
  8863 | D:10     | XOM: enchant monster (good)
  8877 | D:10     | XOM: 2-stop teleportation journey
  8884 | D:10     | Noticed Erica
  8896 | D:10     | Killed Psyche
  8923 | D:10     | Found a glowing silver altar of Zin.
  8923 | D:10     | XOM: swap monsters
  8924 | D:10     | XOM: give mutations
  8924 | D:10     | Gained mutation: You are partially covered in iridescent
                  | scales. (AC +2) [Xom's mischief]
  8924 | D:10     | Gained mutation: You expend magic power (3 MP) to
                  | strengthen your wands. [Xom's mischief]
  9055 | D:10     | Noticed a cyclops
  9060 | D:10     | XOM: confusion (+ monsters)
  9061 | D:10     | XOM: scenery: summon butterflies
  9064 | D:10     | Reached XP level 11. HP: 83/84 MP: 13/13
  9080 | D:10     | Reached skill level 5 in Short Blades
  9080 | D:10     | Reached skill level 5 in Invocations
  9083 | D:10     | XOM: confusion
  9084 | D:10     | Lost mutation: You are partially covered in iridescent
                  | scales. (AC +2) [potion of mutation]
  9084 | D:10     | Lost mutation: You are strong-willed. (Will+) [potion of
                  | mutation]
  9084 | D:10     | Gained mutation: Your body sometimes deteriorates upon
                  | taking damage. [potion of mutation]
  9084 | D:10     | Gained mutation: You are frail. (-10% HP) [potion of
                  | mutation]
  9085 | D:10     | Lost mutation: Your mind is acute. (Int +4, Str/Dex -1)
                  | [potion of mutation]
  9085 | D:10     | Lost mutation: Your flesh is heat resistant. (rF+) [potion
                  | of mutation]
  9085 | D:10     | Gained mutation: Your system is resistant to poisons.
                  | (rPois) [potion of mutation]
  9085 | D:10     | Gained mutation: Your mind is acute. (Int +4, Str/Dex -1)
                  | [potion of mutation]
  9087 | D:10     | XOM: 2-stop teleportation journey
  9128 | D:10     | XOM: blink monster(s)
  9233 | D:10     | XOM: divination: magic mapping
  9239 | D:10     | Killed Erica
  9276 | D:10     | XOM: 2-stop teleportation journey
  9375 | D:10     | XOM: silly message
  9378 | D:10     | Killed a cyclops
  9477 | D:10     | XOM: divination: magic mapping
  9737 | D:10     | XOM: noise
  9744 | D:10     | Found a staircase to the Lair.
  9744 | D:10     | XOM: silly message
  9901 | D:10     | Noticed Maurice
  9908 | D:10     | Maurice stole a +1 spectral club
  9910 | D:10     | Maurice stole 25 stones
  9911 | D:10     | XOM: enchant monster (bad)
  9914 | D:10     | Something stole 366 gold
  9915 | D:10     | Something stole 435 gold
  9938 | D:10     | Killed Maurice
 10265 | D:11     | Noticed a boulder beetle
 10271 | D:11     | XOM: confuse monster(s)
 10278 | D:11     | Killed a boulder beetle
 10287 | D:11     | XOM: 2-stop teleportation journey
 10380 | D:11     | Found a frozen archway.
 10393 | D:11     | XOM: potion effect (brilliance)
 10517 | IceCv    | Entered an ice cave
 10584 | IceCv    | Lost mutation: Your magical capacity is low. (-10% MP)
                  | [potion of mutation]
 10584 | IceCv    | Lost mutation: You are frail. (-10% HP) [potion of
                  | mutation]
 10584 | IceCv    | Lost mutation: Your system is resistant to poisons. (rPois)
                  | [potion of mutation]
 10584 | IceCv    | Gained mutation: You occasionally lose the ability to drink
                  | potions when taking damage. [potion of mutation]
 10584 | IceCv    | Lost mutation: You expend magic power (3 MP) to strengthen
                  | your wands. [potion of mutation]
 10585 | IceCv    | Lost mutation: Your mind is acute. (Int +4, Str/Dex -1)
                  | [potion of mutation]
 10585 | IceCv    | Lost mutation: Your body sometimes deteriorates upon taking
                  | damage. [potion of mutation]
 10585 | IceCv    | Lost mutation: You occasionally lose the ability to drink
                  | potions when taking damage. [potion of mutation]
 10585 | IceCv    | Gained mutation: You are partially covered in iridescent
                  | scales. (AC +2) [potion of mutation]
 10585 | IceCv    | Gained mutation: Your body sometimes deteriorates upon
                  | taking damage. [potion of mutation]
 10585 | IceCv    | Lost mutation: Your body sometimes deteriorates upon taking
                  | damage. [potion of mutation]
 10667 | IceCv    | HP: 4/86 [ice statue/freezing blast (17)]
 10670 | IceCv    | Engulfed by an ice statue's freezing vapour

Illustrated notes

Levels and vault maps discovered:
D:1:      scummos_arrival_hexagon, layout_basic, amethyst_killhole,
          chequers_serial_rivers_small_a
D:2:      layout_basic, basic_ecumenical_altar, basic_altar, lemuel_flame_loot_1
D:3:      kennysheep_six_static_rooms, layout_rooms, old_standard_altar,
          lemuel_coloured_pillars_altar
D:4:      layout_basic, led_sif_pool, mainiacjoe_overflow_tiny_flanked,
          uniq_menkaure, uniq_robin
D:5:      layout_loops_corners, grunt_dithmenos_smoke_and_mirrors,
          kennysheep_mini_moat, uniq_pikel, uniq_edmund
D:6:      layout_loops_cross, chei_slow_surprise, minmay_temple_entry_grid,
          nicolae_ossuary_entry_ruins
D:7:      layout_loops_ring, enter_bailey_2
D:8:      layout_loops_ring, nicolae_tso_besieged_by_evil,
          mainiacjoe_overflow_alcove_4, hangedman_decor_opposing,
          dk_rats_in_the_wall, uniq_maggie
D:9:      layout_rooms, xom_teletrap_fun, lemuel_crystal_altar
D:10:     layout_cave_pods, mainiacjoe_overflow_catwalk,
          nicolae_overflow_hidden_temple, due_lair_maze_entry_diamond,
          uniq_maurice, uniq_psyche, uniq_erica
D:11:     layout_long_grid, portal_ice_cave_demonic_guard
IceCv:    ice_cave_caverns_03

Skill      XL: |  1  2  3  4  5  6  7  8  9 10 11 |
---------------+----------------------------------+-----
Dodging        | 1 2 3 4 5 6 |  6.6
Armour         | 2 3 4 5 6 |  6.8
Stealth        | 1 2 3 4 5 6 |  6.2
Invocations    | 1 2 3 4 5 |  5.6
Fighting       | 4 5 6 7 |  7.9
Long Blades    | 4 5 6 |  6.8
Short Blades   | 1 2 3 4 5 |  5.8

Action                     |  1- 3 |  4- 6 |  7- 9 | 10-12 || total
---------------------------+-------+-------+-------+-------++-------
  Melee: Dagger            |    50 |    89 |   598 |   858 ||  1595
         Falchion          |    55 |    97 |    69 |       ||   221
  Throw: Stone             |       |       |       |    17 ||    17
  Evoke: Wand              |       |     9 |     2 |    23 ||    34
    Use: Scroll            |     2 |       |     2 |     1 ||     5
         Potion            |       |     1 |       |    10 ||    11
   Stab: Sleeping          |     1 |       |    16 |     7 ||    24
         Paralysed         |       |     1 |       |     2 ||     3
         Held in net/web   |       |     1 |       |       ||     1
         Confused          |       |       |     5 |     4 ||     9
         Petrifying        |       |       |     2 |       ||     2
         Distracted        |       |       |     1 |     2 ||     3
 Armour: Leather armour    |    31 |    67 |   149 |   249 ||   496
  Dodge: Dodged            |    36 |    56 |   159 |   221 ||   472

Table legend: (Time is in decaauts)
 A = Elapsed time spent in this place.
 B = Non-inter-level travel time spent in this place.
 C = Inter-level travel time spent in this place.
 D = Time resting spent in this place.
 E = Time spent auto-exploring this place.
 F = Levels seen in this place.
 G = Mean time per level.
                   A        B        C        D        E       F      G
               +--------+--------+--------+--------+--------+-----+--------+
         Total |  10400 |   9998 |    402 |    995 |   6758 |  14 |  742.9 |
       Dungeon |   9487 |   9085 |    402 |    748 |   6362 |  11 |  862.5 |
       Ossuary |    217 |    217 |      0 |     52 |     67 |   1 |  217.0 |
        Bailey |    551 |    551 |      0 |    133 |    311 |   1 |  551.0 |
      Ice Cave |    144 |    144 |      0 |     62 |     18 |   1 |  144.0 |
               +--------+--------+--------+--------+--------+-----+--------+

Top non-repeatable levels by time:
    D:10: 1545 daAuts
     D:5: 1092 daAuts
     D:4: 959 daAuts
     D:2: 913 daAuts
     D:9: 891 daAuts
     D:8: 856 daAuts
     D:1: 822 daAuts
     D:6: 813 daAuts
     D:3: 692 daAuts
     D:7: 667 daAuts
  Bailey: 551 daAuts
    D:11: 232 daAuts
 Ossuary: 217 daAuts
   IceCv: 144 daAuts
